 Dungeon Crawl Stone Soup version 0.20.0-10-g0535bb4 (webtiles) character file.

154 tilp the Firebug (level 5, -4/38 HPs)
             Began as a Hill Orc Fire Elementalist on June 6, 2017.
             Slain by a gnoll (7 damage)
             ... on level 4 of the Dungeon.
             The game lasted 00:09:05 (3333 turns).

tilp the Firebug (Hill Orc Fire Elementalist)       Turns: 3333, Time: 00:09:06

Health: -4/38      AC:  2    Str: 16    XL:     5   Next: 35%
Magic:  5/9        EV: 12    Int: 16    God:
Gold:   55         SH:  0    Dex: 11    Spells: 3/9 levels left

rFire    . . .     SeeInvis .   p - +0 dagger (venom)
rCold    . . .     Gourm    .   (no shield)
rNeg     . . .     Faith    .   a - +0 robe
rPois    .         Spirit   .   (no helmet)
rElec    .         Reflect  .   (no cloak)
rCorr    .         Harm     .   (no gloves)
MR       .....                  (no boots)
Stlth    ++........             (no amulet)
Regen    0.2/turn               (no ring)
MPRegen  0.2/turn               (no ring)

@: mighty
A: no striking features
a: no special abilities


You were on level 4 of the Dungeon.
You were hungry.

You visited 1 branch of the dungeon, and saw 4 of its levels.

You collected 55 gold pieces.

Inventory:

Hand Weapons
 f - a +0 club
 k - a +0 short sword
 p - a +0 dagger of venom (weapon)
 q - a +1 flail of draining
Missiles
 l - 51 stones (quivered)
Armour
 a - a +0 robe (worn)
Jewellery
 d - a cursed ring of loudness {unknown}
Scrolls
 e - a scroll of amnesia {unknown}
 i - 2 scrolls of immolation
 j - 2 scrolls of fear
 o - a scroll of magic mapping {unknown}
Potions
 h - a potion of might
 m - a potion of mutation
 n - 2 potions of brilliance
Books
 b - a book of Flames

   Spells                             Type                      Level
   a - Flame Tongue                   Conjuration/Fire             1
   b - Throw Flame                    Conjuration/Fire             2
   c - Conjure Flame                  Conjuration/Fire             3
   d - Inner Flame                    Hexes/Fire                   3
   e - Sticky Flame                   Conjuration/Fire             4
   f - Fireball                       Conjuration/Fire             5
Comestibles
 c - 4 bread rations
 g - 5 chunks of flesh


   Skills:
 + Level 1.4 Short Blades
 - Level 0.2 Maces & Flails
 - Level 1.5 Dodging
 - Level 1.5 Stealth
 * Level 2.9 Spellcasting
 - Level 1.0 Conjurations
 + Level 4.8 Fire Magic


You had 3 spell levels left.
You knew the following spells:

 Your Spells              Type           Power        Failure   Level  Hunger
a - Flame Tongue          Conj/Fire      ##...        5%          1    #......
b - Throw Flame           Conj/Fire      ##....       9%          2    ##.....
c - Conjure Flame         Conj/Fire      ##......     17%         3    ###....


Dungeon Overview and Level Annotations

Branches:
Dungeon (4/15)             Temple (0/1) D:4

Altars:
Fedhas
Gozag
Trog


Message History

The gnoll hits you with a whip.
You hit the gnoll.
The gnoll is poisoned.
The gnoll is lightly wounded.
The gnoll hits you. The gnoll barely misses you.
You closely miss the gnoll.
The gnoll is lightly wounded.
The gnoll hits you! The gnoll closely misses you.
Casting: Flame Tongue
Confirm with . or Enter, or press ? or * to list all spells.
Aiming: Flame Tongue
Press: ? - help, Shift-Dir - straight line, f - gnoll
Aim: a gnoll, wielding a whip (lightly wounded, poisoned)
The flame tongue hits the gnoll.
The gnoll is moderately wounded.
The gnoll closely misses you. The gnoll hits you with a whip!
* * * LOW HITPOINT WARNING * * *
Okay, then.
You feel very mighty all of a sudden. The gnoll hits you!
You die...

......#.#.#........##.#.#.###
....#.#.#.#..###..[.<......#
#...#.>.#...# #..#.##.#.###
#..#.#.#.#..###..#....#
#...#.#.#..........####
#....#.#....###.##.#
#...w.......# #.##.#
#..!.##.#.#.###.##.#
.......#.....wg@g....#
.....#..#...##.###.#######
######..#.................
#....#.##.###.#######
#....#.##.# #.# #......##.#
#.# #.#....##.# #.# #.#.
....!. ..# ###


You could see 2 gnolls and a dart slug.

Vanquished Creatures
  An iguana (D:4)
  2 gnolls (D:4)
  4 adders
  An ooze (D:1)
  A worm (D:2)
  A dart slug (D:1)
  2 leopard geckos
  An orc (D:3)
  7 giant cockroaches
  6 goblins
  8 hobgoblins
  4 jackals (D:1)
  4 kobolds
  3 ball pythons (D:1)
  4 bats
  7 rats
56 creatures vanquished.

Notes
Turn   | Place    | Note
-------+----------+-------------------------------------------
     0 | D:1      | tilp the Hill Orc Fire Elementalist began the quest for the Orb.
     0 | D:1      | Reached XP level 1. HP: 14/14 MP: 3/3
   317 | D:1      | Reached XP level 2. HP: 20/20 MP: 2/4
   348 | D:1      | Learned a level 2 spell: Throw Flame
   698 | D:1      | Reached XP level 3. HP: 19/26 MP: 4/6
   711 | D:1      | Learned a level 3 spell: Conjure Flame
   973 | D:1      | Reached skill level 4 in Fire Magic
  1539 | D:2      | Found an opulent altar of Gozag.
  1660 | D:2      | Found a bloodstained altar of Trog.
  1829 | D:2      | Reached XP level 4. HP: 33/33 MP: 4/7
  1890 | D:2      | Found a blossoming altar of Fedhas.
  2642 | D:3      | Reached skill level 1 in Short Blades
  3212 | D:4      | Found a staircase to the Ecumenical Temple.
  3222 | D:4      | Reached XP level 5. HP: 38/38 MP: 3/9
  3333 | D:4      | Slain by a gnoll

Skill      XL: |  1  2  3  4 |
---------------+-------------+-----
Spellcasting   | 2 |  2.9
Fire Magic     | 4 |  4.8
Short Blades   | 1 |  1.4
Maces & Flails | |  0.2
Dodging        | |  1.5
Stealth        | |  1.5
Conjurations   | |  1.0

Action                   |  1- 3 |  4- 6 || total
-------------------------+-------+-------++-------
Melee: Club              |     6 |       ||     6
       Unarmed           |     1 |       ||     1
       Short sword       |    55 |       ||    55
       Dagger            |       |    60 ||    60
 Cast: Flame Tongue      |    30 |    32 ||    62
       Throw Flame       |     5 |     3 ||     8
  Use: Scroll            |     5 |     1 ||     6
       Potion            |       |     1 ||     1
 Stab: Sleeping          |     1 |       ||     1
  Eat: Chunk             |     1 |     1 ||     2
       Bread ration      |     1 |       ||     1
       Royal jelly       |       |     1 ||     1
Armor: Robe              |    20 |    12 ||    32
Dodge: Dodged            |    60 |    47 ||   107
